TOP OF THE 1ST |
---|
Montgomery Grey Sox batting - Pitching for State College Spikes : RHP Steve Pérez | Pitching: RHP Steve Pérez | | Batting: LHB Salvador López | 0-0: Swinging Strike 0-1: Ball 1-1: SOLO HOME RUN (Line Drive, 9D), Distance : 407 ft | Batting: RHB Jon Bush | 0-0: Ground out 6-3 (Groundball, 6) | Batting: SHB Randy Anderson | 0-0: Swinging Strike 0-1: Foul Ball, location: 2F 0-2: Ball 1-2: Foul Ball, location: 2F 1-2: Ball 2-2: Ball 3-2: Foul Ball, location: 2F 3-2: Foul Ball, location: 2F 3-2: Base on Balls | Batting: RHB Glen MacDonald | 0-0: Ball 1-0: Ball 2-0: Called Strike 2-1: Called Strike 2-2: Ball 3-2: Ground out 6-3 (Groundball, 6) Randy Anderson to second | Batting: LHB Aaron Thompson | 0-0: Ball 1-0: Called Strike 1-1: Ball 2-1: Called Strike 2-2: Foul Ball, location: 2F 2-2: Strikes out swinging | Top of the 1st over - 1 run, 1 hit, 0 errors, 1 left on base; Montgomery 1 - State College 0 | BOTTOM OF THE 1ST |
---|
State College Spikes batting - Pitching for Montgomery Grey Sox : RHP Carlos Castillo | Pitching: RHP Carlos Castillo | | Batting: RHB Norberto Márquez | 0-0: Ball 1-0: Ball 2-0: Swinging Strike 2-1: Ball 3-1: Called Strike 3-2: Strikes out swinging | Batting: RHB Andrew Pinto | 0-0: Ball 1-0: Ball 2-0: Called Strike 2-1: Ball 3-1: Foul Ball, location: 2F 3-2: Foul Ball, location: 2F 3-2: Base on Balls | Batting: LHB Edward Norton | 0-0: Ball 1-0: Called Strike 1-1: Ball 2-1: Ball 3-1: Base on Balls Andrew Pinto to second | Batting: SHB Patrizio Batistuta | 0-0: Grounds into double play, 6-4-3 (Groundball, 56) | Bottom of the 1st over - 0 runs, 0 hits, 0 errors, 1 left on base; Montgomery 1 - State College 0 | TOP OF THE 2ND |
---|
Montgomery Grey Sox batting - Pitching for State College Spikes : RHP Steve Pérez | Batting: RHB Bobby Hulsey | 0-0: Called Strike 0-1: Foul Ball, location: 2F 0-2: Ball 1-2: Fly out, F8 (Flyball, 8RS) | Batting: LHB Francisco Romo | 0-0: Ball 1-0: Called Strike 1-1: Ball 2-1: Foul Ball, location: 2F 2-2: Strikes out looking | Batting: RHB Ben White | 0-0: Called Strike 0-1: Ball 1-1: Swinging Strike 1-2: Ball 2-2: Foul Ball, location: 2F 2-2: Strikes out swinging | Top of the 2nd over - 0 runs, 0 hits, 0 errors, 0 left on base; Montgomery 1 - State College 0 | BOTTOM OF THE 2ND |
---|
State College Spikes batting - Pitching for Montgomery Grey Sox : RHP Carlos Castillo | Batting: LHB Wilson Turner | 0-0: Ball 1-0: Ball 2-0: Foul Ball, location: 2F 2-1: Fly out, F7 (Flyball, 78S) | Batting: RHB Mike Hurt | 0-0: Ball 1-0: Foul Ball, location: 2F 1-1: Foul Ball, location: 2F 1-2: Ground out 6-3 (Groundball, 6) | Batting: RHB Héctor Villarreal | 0-0: Ball 1-0: Foul Ball, location: 2F 1-1: Fly out, F9 (Flyball, 9S) | Bottom of the 2nd over - 0 runs, 0 hits, 0 errors, 0 left on base; Montgomery 1 - State College 0 | TOP OF THE 3RD |
---|
Montgomery Grey Sox batting - Pitching for State College Spikes : RHP Steve Pérez | Batting: RHB António Nevárez | 0-0: Ball 1-0: Swinging Strike 1-1: Foul Ball, location: 2F 1-2: Foul Ball, location: 2F 1-2: Ball 2-2: Foul Ball, location: 2F 2-2: Strikes out swinging | Batting: LHB Salvador López | 0-0: Called Strike 0-1: Ball 1-1: Ground out 3-1 (Groundball, 34S) | Batting: RHB Jon Bush | 0-0: Ball 1-0: Called Strike 1-1: Ball 2-1: Ground out 6-3 (Groundball, 6) | Top of the 3rd over - 0 runs, 0 hits, 0 errors, 0 left on base; Montgomery 1 - State College 0 | BOTTOM OF THE 3RD |
---|
State College Spikes batting - Pitching for Montgomery Grey Sox : RHP Carlos Castillo | Batting: RHB Gustavo Martínez | 0-0: Called Strike 0-1: Called Strike 0-2: Ball 1-2: Strikes out swinging | Batting: RHB David Silva | 0-0: Ball 1-0: Ball 2-0: Ball 3-0: Called Strike 3-1: SINGLE (Groundball, 15) (infield hit) | Batting: RHB Norberto Márquez | 0-0: Foul Ball, location: 2F 0-1: Ball 1-1: Ball 2-1: Ball 3-1: Base on Balls David Silva to second | Batting: RHB Andrew Pinto | 0-0: Called Strike 0-1: Swinging Strike 0-2: Grounds into double play, 4-6-3 (Groundball, 4) | Bottom of the 3rd over - 0 runs, 1 hit, 0 errors, 1 left on base; Montgomery 1 - State College 0 | TOP OF THE 4TH |
---|
Montgomery Grey Sox batting - Pitching for State College Spikes : RHP Steve Pérez | Batting: SHB Randy Anderson | 0-0: Ball 1-0: Ball 2-0: Called Strike 2-1: Foul Ball, location: 2F 2-2: Ball 3-2: SINGLE (Groundball, 4D) | Batting: RHB Glen MacDonald | 0-0: Called Strike 0-1: Foul Ball, location: 2F 0-2: Ball 1-2: Strikes out swinging | Batting: LHB Aaron Thompson | 0-0: Ball 1-0: Called Strike 1-1: Swinging Strike 1-2: Foul Ball, location: 2F 1-2: Strikes out looking | Batting: RHB Bobby Hulsey | 0-0: Ball 1-0: Swinging Strike 1-1: Foul Ball, location: 2F 1-2: SINGLE (Flyball, 34D) Randy Anderson to second Runner from 2nd tries for 3rd, SAFE, throw made to third Bobby Hulsey to second | Batting: LHB Francisco Romo | 0-0: Called Strike 0-1: Ball 1-1: Swinging Strike 1-2: Ball 2-2: Ball 3-2: Base on Balls | Batting: RHB Ben White | 0-0: Called Strike 0-1: Ball 1-1: Ball Wild Pitch! Randy Anderson scores Bobby Hulsey to third Francisco Romo to second 2-1: Ball Passed Ball! Bobby Hulsey scores Francisco Romo to third 3-1: Foul Ball, location: 2F 3-2: Ground out 6-3 (Groundball, 56) | Top of the 4th over - 2 runs, 2 hits, 0 errors, 1 left on base; Montgomery 3 - State College 0 | BOTTOM OF THE 4TH |
---|
State College Spikes batting - Pitching for Montgomery Grey Sox : RHP Carlos Castillo | Batting: LHB Edward Norton | 0-0: Ball 1-0: Swinging Strike 1-1: Foul Ball, location: 2F 1-2: Fly out, F7 (Flyball, 7S) | Batting: SHB Patrizio Batistuta | 0-0: Ball 1-0: Foul Ball, location: 2F 1-1: Swinging Strike 1-2: Strikes out swinging | Batting: LHB Wilson Turner | 0-0: Ball 1-0: Called Strike 1-1: Ball 2-1: Called Strike 2-2: SOLO HOME RUN (Flyball, 7LD), Distance : 318 ft | Batting: RHB Mike Hurt | 0-0: Called Strike 0-1: Fly out, F8 (Flyball, 89M) | Bottom of the 4th over - 1 run, 1 hit, 0 errors, 0 left on base; Montgomery 3 - State College 1 | TOP OF THE 5TH |
---|
Montgomery Grey Sox batting - Pitching for State College Spikes : RHP Steve Pérez | Pitching: RHP Luis Guerrero | | Batting: RHB António Nevárez | 0-0: Foul Ball, location: 2F 0-1: Ball 1-1: Fly out, F4 (Line Drive, 4) | Batting: LHB Salvador López | 0-0: Ball 1-0: Called Strike 1-1: Fly out, F8 (Flyball, 8RM) | Batting: RHB Jon Bush | 0-0: Called Strike 0-1: Ball 1-1: Called Strike 1-2: Strikes out swinging | Top of the 5th over - 0 runs, 0 hits, 0 errors, 0 left on base; Montgomery 3 - State College 1 | BOTTOM OF THE 5TH |
---|
State College Spikes batting - Pitching for Montgomery Grey Sox : RHP Carlos Castillo | Batting: RHB Héctor Villarreal | 0-0: Ball 1-0: Ground out 1-3 (Groundball, 15) | Batting: RHB Gustavo Martínez | 0-0: Called Strike 0-1: Ground out 4-3 (Groundball, 4) | Batting: RHB David Silva | 0-0: Ball 1-0: Called Strike 1-1: Foul Ball, location: 2F 1-2: Ball 2-2: Ball 3-2: Foul Ball, location: 2F 3-2: SINGLE (Groundball, 4D) | Batting: RHB Norberto Márquez | 0-0: Called Strike 0-1: SINGLE (Flyball, 78S) David Silva to second | Batting: RHB Andrew Pinto | 0-0: Ball 1-0: Fielders Choice at 2nd, 5-4 (Groundball, 5) | Bottom of the 5th over - 0 runs, 2 hits, 0 errors, 2 left on base; Montgomery 3 - State College 1 | TOP OF THE 6TH |
---|
Montgomery Grey Sox batting - Pitching for State College Spikes : RHP Luis Guerrero | Batting: SHB Randy Anderson | 0-0: Called Strike 0-1: SINGLE (Groundball, 34D) | Batting: RHB Glen MacDonald | 0-0: Called Strike Throwing error on steal attempt, E2 Randy Anderson to third 0-1: Ball 1-1: Intentional Walk | Batting: LHB Aaron Thompson | 0-0: SINGLE (Flyball, 6D) Randy Anderson scores Glen MacDonald to second | Batting: RHB Bobby Hulsey | 0-0: Ball 1-0: Called Strike 1-1: Foul Ball, location: 2F 1-2: Strikes out looking | Batting: LHB Francisco Romo | 0-0: SINGLE (Flyball, 9S) Glen MacDonald to third Aaron Thompson to second Runner from 3rd tries for Home, SAFE, throw made home | Pitching: RHP Eric Murphy | | Batting: RHB Ben White | 0-0: Swinging Strike 0-1: Ball 1-1: Ball 2-1: Foul Ball, location: 2F 2-2: Ball 3-2: Foul Ball, location: 2F 3-2: Fly out, F3 (Line Drive, 34) Lined into DP, U3 (Line Drive, 34) | Top of the 6th over - 2 runs, 3 hits, 1 error, 1 left on base; Montgomery 5 - State College 1 | BOTTOM OF THE 6TH |
---|
State College Spikes batting - Pitching for Montgomery Grey Sox : RHP Carlos Castillo | Batting: LHB Edward Norton | 0-0: Ball 1-0: Ball 2-0: Ball 3-0: Called Strike 3-1: Called Strike 3-2: Base on Balls | Pitching: RHP Tom Reed | | Batting: SHB Patrizio Batistuta | 0-0: Ball 1-0: Ball 2-0: Ball 3-0: Called Strike 3-1: Base on Balls Edward Norton to second | Batting: LHB Wilson Turner | 0-0: Called Strike 0-1: Foul Ball, location: 2F 0-2: Ball 1-2: Ball 2-2: Foul Ball, location: 2F 2-2: Ball 3-2: Foul Ball, location: 2F 3-2: Strikes out swinging | Batting: RHB Mike Hurt | 0-0: Ball Edward Norton steals 3rd base 1-0: Swinging Strike 1-1: Ball 2-1: Called Strike 2-2: Ball 3-2: Strikes out swinging | Batting: RHB Héctor Villarreal | 0-0: Called Strike 0-1: Called Strike 0-2: Ball Passed Ball! Edward Norton scores Patrizio Batistuta to second 1-2: Strikes out looking | Bottom of the 6th over - 1 run, 0 hits, 0 errors, 1 left on base; Montgomery 5 - State College 2 | TOP OF THE 7TH |
---|
Montgomery Grey Sox batting - Pitching for State College Spikes : RHP Eric Murphy | Batting: RHB António Nevárez | 0-0: Called Strike 0-1: Ball 1-1: Called Strike 1-2: Ball 2-2: Ball 3-2: Strikes out swinging | Batting: LHB Salvador López | 0-0: Foul Ball, location: 2F 0-1: Ball 1-1: Fly out, F8 (Flyball, 8LD) | Batting: RHB Jon Bush | 0-0: Swinging Strike 0-1: Foul Ball, location: 2F 0-2: Strikes out looking | Top of the 7th over - 0 runs, 0 hits, 0 errors, 0 left on base; Montgomery 5 - State College 2 | BOTTOM OF THE 7TH |
---|
State College Spikes batting - Pitching for Montgomery Grey Sox : RHP Tom Reed | Batting: RHB Gustavo Martínez | 0-0: Ground out 5-3 (Groundball, 56S) | Batting: RHB David Silva | 0-0: Ball 1-0: Called Strike 1-1: Called Strike 1-2: Strikes out swinging | Batting: RHB Norberto Márquez | 0-0: Foul Ball, location: 2F 0-1: Ball 1-1: Foul Ball, location: 2F 1-2: Hit by Pitch | Batting: RHB Andrew Pinto | 0-0: Ball 1-0: Swinging Strike 1-1: Ball Norberto Márquez is caught stealing 2nd base | Bottom of the 7th over - 0 runs, 0 hits, 0 errors, 0 left on base; Montgomery 5 - State College 2 | TOP OF THE 8TH |
---|
Montgomery Grey Sox batting - Pitching for State College Spikes : RHP Eric Murphy | Batting: SHB Randy Anderson | 0-0: Ball 1-0: Foul Ball, location: 2F 1-1: SINGLE (Line Drive, 9S) | Batting: RHB Glen MacDonald | 0-0: Called Strike 0-1: Foul Ball, location: 2F 0-2: Ball 1-2: Ball 2-2: Strikes out swinging | Pitching: LHP Joe Jewell | | Batting: LHB Aaron Thompson | 0-0: Called Strike 0-1: Ball 1-1: Called Strike 1-2: Ball 2-2: Fielders Choice at 2nd, 5-4 (Groundball, 5L) | Pitching: RHP Millard Ford | | Batting: RHB Bobby Hulsey | 0-0: Called Strike 0-1: Ball 1-1: Called Strike 1-2: Strikes out looking | Top of the 8th over - 0 runs, 1 hit, 0 errors, 1 left on base; Montgomery 5 - State College 2 | BOTTOM OF THE 8TH |
---|
State College Spikes batting - Pitching for Montgomery Grey Sox : RHP Tom Reed | Batting: RHB Andrew Pinto | 0-0: Ground out 6-3 (Groundball, 6) | Batting: LHB Edward Norton | 0-0: Called Strike 0-1: Fly out, F7 (Flyball, 7S) | Batting: SHB Patrizio Batistuta | 0-0: Called Strike 0-1: Ground out U3 (Groundball, 34) | Bottom of the 8th over - 0 runs, 0 hits, 0 errors, 0 left on base; Montgomery 5 - State College 2 | TOP OF THE 9TH |
---|
Montgomery Grey Sox batting - Pitching for State College Spikes : RHP Millard Ford | Batting: LHB Francisco Romo | 0-0: Called Strike 0-1: Called Strike 0-2: Strikes out swinging | Batting: RHB Ben White | 0-0: Ball 1-0: Foul Ball, location: 2F 1-1: Swinging Strike 1-2: Strikes out swinging | Batting: RHB António Nevárez | 0-0: Foul Ball, location: 2F 0-1: Foul Ball, location: 2F 0-2: Ball 1-2: Foul Ball, location: 2F 1-2: Ground out U3 (Groundball, 3) | Top of the 9th over - 0 runs, 0 hits, 0 errors, 0 left on base; Montgomery 5 - State College 2 | BOTTOM OF THE 9TH |
---|
State College Spikes batting - Pitching for Montgomery Grey Sox : RHP Tom Reed | Pitching: RHP Mark Phillips | | Batting: LHB Wilson Turner | 0-0: SINGLE (Groundball, 4MD) | Batting: RHB Mike Hurt | 0-0: Ball 1-0: DOUBLE (Flyball, 8RD) Wilson Turner to third | Pinch Hitting: RHB Luis Árias | 0-0: Called Strike 0-1: Ball 1-1: Foul Ball, location: 2F 1-2: Strikes out swinging | Pinch Hitting: RHB Daniel Martínez | 0-0: Foul Ball, location: 2F 0-1: Ground out U3 (Groundball, 34) Wilson Turner scores Mike Hurt to third | Batting: RHB David Silva | 0-0: Swinging Strike 0-1: Called Strike 0-2: Ball 1-2: Ball 2-2: Foul Ball, location: 2F 2-2: Strikes out looking | Bottom of the 9th over - 1 run, 2 hits, 0 errors, 1 left on base; Montgomery 5 - State College 3 | |